 Dungeon Crawl Stone Soup version 0.30-a0-802-gb92711bcdf (webtiles) character file.

Game seed: 2804249372716162332

8339 Pimp the Blocker (level 11, -1/101 HPs)
             Began as a Minotaur Fighter on Feb 24, 2023.
             Was an Elder of Okawaru.
             Slain by a two-headed ogre
             ... wielding a +0 giant spiked club
              (25 damage)
             ... on level 10 of the Dungeon.
             The game lasted 00:16:35 (9196 turns).

Pimp the Blocker (Minotaur Fighter)                 Turns: 9196, Time: 00:16:36

Health: -1/101     AC: 21    Str: 32    XL:     11   Next: 8%
Magic:  1/1        EV: 13    Int:  5    God:    Okawaru [****..]
Gold:   62         SH:  8    Dex:  9    Spells: 10/10 levels left

rFire   . . .      SeeInvis .    P - +3 scimitar "Ighonnex" {venom, rPois MP-9 Str+6 Stlth+}
rCold   . . .      Faith    .    C - +2 buckler
rNeg    . . .      Spirit   .    o - +1 plate armour
rPois   +          Reflect  .    (helmet restricted)
rElec   .          Harm     .    H - +1 cloak
rCorr   .          Rampage  .    v - +0 pair of gloves
Will    .....                    y - +0 pair of boots Stlth
                                 (no amulet)
HPRegen 0.36/turn                w - +5 ring of evasion
MPRegen 0.07/turn                (no ring)

@: no status effects
A: horns 2, retaliatory headbutt
a: Renounce Religion, Heroism, Finesse


You were on level 10 of the Dungeon.
You worshipped Okawaru.
Okawaru was greatly pleased with you.
You visited 2 branches of the dungeon, and saw 11 of its levels.

You collected 499 gold pieces.
You spent 437 gold pieces at shops.

Inventory:

Hand Weapons
 a - a +1 long sword of venom
 M - a +2 short sword of holy wrath
 P - the +3 scimitar "Ighonnex" (weapon) {venom, rPois MP-9 Str+6 Stlth+}
   (You bought it in a shop on level 8 of the Dungeon)

   Str:       It affects your strength (+6).
   rPois:     It protects you from poison.
   MP:        It affects your magic capacity (-9).
   Stlth:     It makes you more stealthy.
Missiles
 l - 12 boomerangs (quivered)
 p - 3 javelins
 F - 2 boomerangs of dispersal
Armour
 b - a +0 scale mail
 c - a +0 buckler
 o - a +1 plate armour (worn)
 s - a +0 cloak
 v - a +0 pair of gloves (worn)
 y - a +0 pair of boots (worn)
 C - a +2 buckler (worn)
 H - a +1 cloak (worn)
Jewellery
 k - a ring of ice
 u - a ring of protection from cold
 w - a +5 ring of evasion (left hand)
 Q - a ring of wizardry
Wands
 r - a wand of flame (41)
 L - a wand of quicksilver (3)
 O - a wand of roots (3)
Scrolls
 e - 3 scrolls of identify
 g - 6 scrolls of teleportation
 i - 2 scrolls of enchant weapon
 m - a scroll of blinking
 B - 6 scrolls of immolation {unknown}
 D - a scroll of magic mapping {unknown}
 E - a scroll of amnesia
 I - a scroll of noise {unknown}
 N - a scroll of fear {unknown}
Potions
 d - 3 potions of might
 f - 4 potions of invisibility
 h - 2 potions of brilliance {unknown}
 j - 3 potions of heal wounds
 n - 3 potions of attraction {unknown}
 q - 4 potions of curing
 t - 3 potions of degeneration {unknown}
 x - 2 potions of magic {unknown}
 z - 2 potions of lignification {unknown}
 A - a potion of cancellation {unknown}
 G - a potion of mutation {unknown}
 J - a potion of berserk rage
 K - a potion of ambrosia {unknown}


   Skills:
 + Level 10.9 Fighting
 + Level 10.6 Long Blades
 + Level 11.0 Armour
 + Level 11.0 Shields


You had 10 spell levels left.
You didn't know any spells.
Your spell library contained the following spells:

 Spells                   Type           Power      Damage    Failure   Level
 Apportation              Tloc           0%         N/A       98%         1
 Beastly Appendage        Tmut           0%         N/A       98%         1
 Magic Dart               Conj           0%         1d3       98%         1
 Necrotise                Necr           0%         1d4       98%         1
 Cigotuvi's Dreadful Rot  Necr/Pois/Air  0%         N/A       99%         2
 Ensorcelled Hibernation  Hex/Ice        0%         N/A       99%         2
 Passwall                 Tmut/Erth      0%         N/A       99%         2
 Poisonous Vapours        Pois/Air       0%         N/A       99%         2
 Searing Ray              Conj           0%         2d4       99%         2
 Static Discharge         Conj/Air       0%         2-2/arc   99%         2
 Wereblood                Tmut           0%         N/A       99%         2
 Mephitic Cloud           Conj/Pois/Air  0%         N/A       100%        3
 Spider Form              Tmut/Pois      0%         N/A       100%        3
 Swiftness                Air            0%         N/A       100%        3
 Vhi's Electric Charge    Tloc/Air       0%         N/A       100%        3
 Cause Fear               Hex            0%         N/A       100%        4
 Fulminant Prism          Conj/Hex       0%         3d5       100%        4
 Arcjolt                  Conj/Air       0%         1d10      100%        5
 Lightning Bolt           Conj/Air       0%         1d11      100%        5
 Dragon Form              Tmut           0%         N/A       100%        7
 Summon Small Mammal      Summ           Unusable   N/A       N/A         1
 Dragon's Call            Summ           Unusable   N/A       N/A         9

Dungeon Overview and Level Annotations

Branches:
Dungeon (10/15)            Temple (1/1) D:4            Lair (0/5) D:9
    Orc (0/2) D:9

Altars:
Ashenzari
Cheibriados
Dithmenos
Elyvilon
Fedhas
Gozag
Hepliaklqana
Kikubaaqudgha
Makhleb
Nemelex Xobeh
Okawaru
Qazlal
Ru
Sif Muna
Trog
Uskayaw
Vehumet
Wu Jian
Xom
Yredelemnul
Zin
The Shining One

Shops:
D:3 !   D:8 (*


Innate Abilities, Weirdness & Mutations

You have a pair of horns on your head.
You reflexively headbutt those who attack you in melee.


Message History

Okawaru accepts your kill. The two-headed ogre barely misses you.
The two-headed ogre hits you with a +0 giant club!
There is an open door, spattered with blood here.
You barely miss the two-headed ogre. You headbutt the two-headed ogre.
The two-headed ogre is lightly wounded.
The troll barely misses you. You furiously retaliate!
You headbutt the troll! You block the troll's attack.
The troll closely misses you.
The two-headed ogre hits you with a +0 giant spiked club.
The two-headed ogre closely misses you.
You slash the two-headed ogre!
The two-headed ogre is poisoned.
The two-headed ogre is moderately wounded.
You block the troll's attack. The troll closely misses you.
You block the troll's attack.
You hit the two-headed ogre.
The two-headed ogre looks as sick as possible!
The two-headed ogre is moderately wounded.
The two-headed ogre hits you with a +0 giant spiked club!
The two-headed ogre closely misses you. You block the troll's attack.
The troll closely misses you. The troll barely misses you.
You barely miss the troll.
The troll is moderately wounded.
The troll bites you but does no damage. The troll claws you.
The troll claws you but does no damage.
You slash the troll!
The troll looks as sick as possible!
You headbutt the troll!
The troll is almost dead.
The troll bites you!
* * * LOW HITPOINT WARNING * * *
The troll claws you but does no damage. x2
You slash the troll!
You kill the troll!
Okawaru accepts your kill.
Your Armour skill increases to level 11!
Your Shields skill increases to level 11!
You hit the two-headed ogre but do no damage.
The two-headed ogre looks as sick as possible!
The two-headed ogre is moderately wounded.
The two-headed ogre hits you with a +0 giant spiked club!!
You die...

.## #.. ## ## #.## ##. .##
# .... .... '.#.#######.#
###. ####+####..##.......#
## y #.......#...#...>...#
y.. #.⌠...⌠.##O####.....#
|.Q.y##..⌠....##@888#.....#
${..y.'...⌠...#8).))'....##
#
!y...##..).⌠..##.888#....#
#


lW. #.⌠...⌠.##'####....# # . #.......#.†.# #†#### # ####'####..## #†# #
#..)['.#.# #.# ##...##### #.# ##### #.########### You could see a two-headed
ogre (extremely poisoned).

Vanquished Creatures
  A two-headed ogre (D:10)
  Pikel (D:7)
  A gargoyle (D:6)
  Psyche (D:8)
  A freezing wraith (D:10)
  A tengu conjurer (D:10)
  A hornet (D:5)
  2 trolls (D:10)
  2 shadows
  5 yaks (D:10)
  A basilisk (D:10)
  A steam dragon (D:9)
  4 vampire mosquitoes (D:10)
  4 water moccasins
  Duvessa (D:7)
  A black bear (D:8)
  2 orc warriors (D:9)
  An ice beast (D:6)
  3 centaurs
  2 ogres
  A phantom (D:4)
  3 kobold brigands
  Blork the orc (D:6)
  3 bullfrogs
  A lemure (D:7)
  3 gnoll sergeants
  2 scorpions
  8 wights
  Dowan (D:7)
  3 killer bees (D:10)
  3 jellies
  2 electric eels (D:9)
  3 howler monkeys
  3 hounds
  8 orc priests
  Crazy Yiuf (D:3)
  An iron imp (D:6)
  Jessica (D:2)
  4 iguanas
  Natasha (twice) (D:2)
  3 orc wizards
  10 gnolls
  5 adders
  A worm (D:4)
  3 dart slugs
  38 orcs
  7 endoplasms
  3 giant cockroaches
  3 goblins
  3 hobgoblins
  4 jackals (D:4)
  20 kobolds
  4 quokkas
  4 ball pythons
  4 bats
  4 frilled lizards
  7 rats
213 creatures vanquished.

Vanquished Creatures (others)
  A kobold (D:9)
  12 plants (D:1)
13 creatures vanquished.

Grand Total: 226 creatures vanquished

Notes
Turn   | Place    | Note
-------+----------+-------------------------------------------
     0 | D:1      | Pimp the Minotaur Fighter began the quest for the Orb.
     0 | D:1      | Reached XP level 1. HP: 19/19 MP: 0/0
   149 | D:1      | Reached XP level 2. HP: 27/27 MP: 1/1
   774 | D:2      | Noticed Jessica
   784 | D:2      | Killed Jessica
   785 | D:2      | Reached XP level 3. HP: 30/33 MP: 2/2
   969 | D:2      | Noticed Natasha
   975 | D:2      | Killed Natasha
   976 | D:2      | Reached XP level 4. HP: 35/41 MP: 3/3
  1463 | D:2      | Noticed Natasha
  1471 | D:2      | Killed Natasha
  1662 | D:3      | Found Unnuepn's Distillery.
  1668 | D:3      | Reached XP level 5. HP: 39/47 MP: 4/4
  1837 | D:3      | Reached skill level 5 in Armour
  1837 | D:3      | Reached skill level 5 in Shields
  1840 | D:3      | Reached skill level 5 in Fighting
  1841 | D:3      | Reached XP level 6. HP: 56/56 MP: 5/5
  2136 | D:3      | You fall into a shaft and drop 3 floors!
  2159 | D:6      | Noticed an ice beast
  2164 | D:5      | Entered Level 5 of the Dungeon
  2259 | D:5      | Noticed a hornet
  2273 | D:5      | Killed a hornet
  2274 | D:5      | Reached skill level 5 in Long Blades
  2274 | D:5      | Reached XP level 7. HP: 38/62 MP: 6/6
  2603 | D:3      | Found a runed translucent door.
  2604 | D:3      | Noticed Crazy Yiuf
  2610 | D:3      | Killed Crazy Yiuf
  3263 | D:4      | Found a staircase to the Ecumenical Temple.
  3281 | Temple   | Entered the Ecumenical Temple
  4580 | D:6      | Reached XP level 8. HP: 55/71 MP: 7/7
  5071 | D:6      | Noticed Blork the orc
  5078 | D:6      | Killed Blork the orc
  5084 | D:6      | Identified the +1 robe of Bohakkit {rElec}
  5138 | D:6      | Noticed a gargoyle
  5155 | D:6      | Killed a gargoyle
  5355 | D:6      | Found a snail-covered altar of Cheibriados.
  5396 | D:7      | Noticed Duvessa
  5396 | D:7      | Noticed Dowan
  5412 | D:7      | Killed Duvessa
  5414 | D:7      | Reached XP level 9. HP: 81/81 MP: 8/8
  5436 | D:7      | Killed Dowan
  5514 | D:7      | Found an iron altar of Okawaru.
  5521 | D:7      | Identified the +10 falchion of Tutorok {elec, +Blink}
  5526 | D:7      | Became a worshipper of Warmaster Okawaru
  5979 | D:7      | Noticed Pikel
  5988 | D:7      | Killed Pikel
  6036 | D:7      | Reached * piety under Okawaru
  6392 | D:8      | Found Cauklup's General Store.
  6394 | D:8      | Found a stormy altar of Qazlal.
  6409 | D:8      | Bought a potion of berserk rage for 65 gold pieces
  6409 | D:8      | Bought a potion of curing for 39 gold pieces
  6989 | D:8      | Noticed Psyche
  6999 | D:8      | Killed Psyche
  7000 | D:8      | Reached XP level 10. HP: 91/91 MP: 9/9
  7129 | D:8      | Found Wucoiz's Antique Weapon Shop.
  7407 | D:9      | Reached ** piety under Okawaru
  7841 | D:8      | Bought an ancient scimitar for 333 gold pieces
  7841 | D:8      | Identified the +3 scimitar "Ighonnex" {venom, rPois MP-9
                  | Str+6 Stlth+} (You bought it in a shop on level 8 of the
                  | Dungeon)
  8111 | D:9      | Found a sparkling altar of Nemelex Xobeh.
  8124 | D:9      | Found an opulent altar of Gozag.
  8462 | D:9      | Found a basalt altar of Yredelemnul.
  8463 | D:9      | Found a hide-covered altar of Uskayaw.
  8465 | D:9      | Found an ancient bone altar of Kikubaaqudgha.
  8465 | D:9      | Found a broken altar of Ashenzari.
  8465 | D:9      | Found a blossoming altar of Fedhas.
  8465 | D:9      | Found a bloodstained altar of Trog.
  8465 | D:9      | Found a white marble altar of Elyvilon.
  8466 | D:9      | Found a shadowy altar of Dithmenos.
  8487 | D:9      | Found a staircase to the Lair.
  8736 | D:9      | Found a staircase to the Orcish Mines.
  8790 | D:10     | Entered Level 10 of the Dungeon
  8820 | D:10     | Reached skill level 10 in Armour
  8820 | D:10     | Reached skill level 10 in Shields
  8954 | D:10     | Reached skill level 10 in Fighting
  8987 | D:10     | Reached *** piety under Okawaru
  8996 | D:10     | Reached skill level 10 in Long Blades
  9071 | D:10     | Noticed a two-headed ogre
  9090 | D:10     | Killed a two-headed ogre
  9114 | D:10     | Reached **** piety under Okawaru
  9120 | D:10     | Reached XP level 11. HP: 61/101 MP: 1/10
  9128 | D:10     | Received a gift from Okawaru
  9182 | D:10     | Noticed a two-headed ogre
  9196 | D:10     | Slain by a two-headed ogre

Illustrated notes

Levels and vault maps discovered:
D:1:      roderic_crop_circles_arrival_small, layout_basic, minmay_tall_x
D:2:      minmay_spotlight, layout_basic, minmay_close_crescents, uniq_jessica,
          uniq_natasha
D:3:      layout_loops_cross, serial_shops, shop, uniq_crazy_yiuf_cottage
D:4:      layout_basic, minmay_temple_entry_glass
D:5:      layout_gridville, amcnicky_mini_rare_corridor_liquid
D:6:      layout_rooms, slow_altar_2, solitary_fountain, uniq_blork_the_orc
D:7:      layout_layer_cave, okawaru_ov_weapons_minmay, uniq_pikel, uniq_duvessa
D:8:      layout_cave_pools, grunt_qazlal_sundering, serial_shops,
          nicolae_shop_crystal, nicolae_take_the_stairs, uniq_psyche
D:9:      layout_basic, grunt_gozag_statues, grunt_temple_overflow_open,
          nemelex_diamond_rough_becter, hiddenorc1_lemuel
D:10:     minmay_chambers_of_sevens, layout_loops_ring,
          chequers_serial_rivers_large_b
Temple:   nicolae_temple_bog_church

Skill      XL: |  1  2  3  4  5  6  7  8  9 10 11 |
---------------+----------------------------------+-----
Armour         | 4 5 6 8 9 10 11 | 11.0
Shields        | 4 5 6 8 9 10 11 | 11.0
Fighting       | 4 5 6 7 9 10 | 10.9
Long Blades    | 3 4 5 6 7 9 10 | 10.6

Action                     |  1- 3 |  4- 6 |  7- 9 | 10-12 || total
---------------------------+-------+-------+-------+-------++-------
  Melee: Long sword        |    54 |   120 |   254 |    28 ||   456
         Headbutt          |     6 |    17 |    58 |    41 ||   122
         Scimitar          |       |       |       |   176 ||   176
  Throw: Boomerang         |       |     1 |       |       ||     1
    Use: Scroll            |       |     8 |       |     1 ||     9
         Potion            |       |       |     1 |     2 ||     3
 Armour: Scale mail        |    35 |       |       |       ||    35
         Plate armour      |     3 |    90 |   164 |   123 ||   380
  Dodge: Dodged            |    31 |    42 |   191 |   136 ||   400
  Block: Buckler           |    12 |    30 |   111 |    94 ||   247

Table legend: (Time is in decaauts)
 A = Elapsed time spent in this place.
 B = Non-inter-level travel time spent in this place.
 C = Inter-level travel time spent in this place.
 D = Time resting spent in this place.
 E = Time spent auto-exploring this place.
 F = Levels seen in this place.
 G = Mean time per level.
                   A        B        C        D        E       F      G
               +--------+--------+--------+--------+--------+-----+--------+
         Total |   9281 |   8775 |    506 |   1234 |   5711 |  11 |  843.7 |
       Dungeon |   9068 |   8682 |    386 |   1234 |   5624 |  10 |  906.8 |
        Temple |    213 |     93 |    120 |      0 |     87 |   1 |  213.0 |
               +--------+--------+--------+--------+--------+-----+--------+

Top non-repeatable levels by time:
     D:9: 1466 daAuts
     D:7: 1215 daAuts
     D:3: 1013 daAuts
     D:2: 949 daAuts
     D:5: 931 daAuts
     D:6: 900 daAuts
     D:4: 829 daAuts
     D:8: 703 daAuts
     D:1: 659 daAuts
    D:10: 398 daAuts
  Temple: 213 daAuts
